Map: Shrines of Lizul

Players

Lostway

  • Race: Zerg Zerg
  • League: Master
  • Spawn Location: 12:00

SecondOne

  • Race: Terran Terran
  • League: Master
  • Spawn Location: 3:00

PureLegacy - Winner!

  • Race: Terran Terran
  • Spawn Location: 6:00

LOADBLASTER - Winner!

  • Race: Terran Terran
  • League: Master
  • Spawn Location: 9:00

VOD

Have the link to the VOD?

Description

Time

  • Played on: Nov. 26, 2018, 11:05 a.m.
  • Length: 4:25
Show
View Real Time Build Order
Export as new Build Order

Lostway Zerg 

Build Orders: Hatch First 

Get SALT Encoding   

  12  0:00  Drone  
  13  0:13  Overlord  
  13  0:17  Drone  
  14  0:31  Drone x2  
  14  0:35  Drone  
  17  0:48  Drone  
  18  1:01  Hatchery  
  17  1:09  Spawning Pool  
  16  1:13  Drone  
  16  1:17  Drone  
  18  1:26  Drone  
  18  1:27  Extractor  
  18  1:32  Drone  
  18  1:39  Drone  
  20  1:52  Overlord  
  20  1:57  Queen  
  22  2:12  Roach Warren, Zergling x4  
  22  2:15  Spine Crawler  
  22  2:20  Queen  
  24  2:25  Drone  
  25  2:39  Drone x3  
  25  2:40  Drone  
  29  2:49  Drone  
  29  2:50  Drone  
  31  2:56  Roach  
  33  3:08  Roach x2  
  33  3:09  Overlord  
  35  3:20  Overlord x2  
  35  3:34  Roach x5  
  37  3:40  Roach  
  45  3:44  Ravager  
  46  3:51  Roach  
  46  3:53  Zergling x4  
Show
View Real Time Build Order
Export as new Build Order

SecondOne Terran 

Build Orders:  

Get SALT Encoding   

  12  0:00  SCV  
  13  0:12  SCV  
  14  0:17  Supply Depot  
  14  0:24  SCV  
  15  0:31  Refinery  
  15  0:39  SCV  
  16  0:45  Barracks  
  16  0:51  SCV  
  17  1:03  Barracks  
  17  1:07  SCV  
  18  1:19  SCV  
  18  1:20  Refinery  
  19  1:33  Reaper  
  19  1:38  Orbital Command  
  20  1:51  Reaper  
  21  1:55  Supply Depot  
  21  2:08  Factory  
  21  2:09  SCV  
  22  2:28  SCV  
  23  2:30  Reaper  
  23  2:33  Supply Depot  
  23  2:36  Reaper  
  25  2:52  Supply Depot  
  25  2:54  Widow Mine  
  26  3:02  Reaper  
  25  3:08  Reaper  
  25  3:23  Hellion  
  21  3:34  Reaper  
  21  3:39  SCV  
  21  3:40  Reaper  
  9  3:56  Widow Mine  
Show
View Real Time Build Order
Export as new Build Order

PureLegacy Terran - Winner!

Build Orders:  

Get SALT Encoding   

  12  0:02  SCV  
  13  0:14  SCV  
  13  0:18  Supply Depot  
  14  0:26  SCV  
  15  0:33  Refinery  
  15  0:40  SCV  
  16  0:46  Barracks  
  16  0:53  SCV  
  17  1:03  Barracks  
  17  1:17  Barracks  
  17  1:20  SCV  
  18  1:34  Reaper  
  18  1:39  Orbital Command  
  19  1:46  Refinery  
  19  1:52  Reaper  
  20  1:59  Supply Depot  
  20  2:06  Reaper  
  21  2:10  SCV  
  21  2:12  Reaper  
  23  2:25  Reaper  
  23  2:31  Supply Depot, SCV  
  24  2:38  Reaper  
  24  2:43  SCV  
  26  2:45  Reaper  
  27  2:55  SCV  
  27  2:57  Reaper  
  29  3:08  SCV  
  29  3:10  Reaper  
  31  3:17  Reaper  
  30  3:26  Command Center  
  29  3:29  Reaper  
  30  3:42  Reaper  
  31  3:49  Reaper  
  32  3:56  SCV  
  34  4:21  Barracks x2, Supply Depot  
Show
View Real Time Build Order
Export as new Build Order

LOADBLASTER Terran - Winner!

Build Orders:  

Get SALT Encoding   

  12  0:00  SCV  
  13  0:12  SCV  
  14  0:18  Supply Depot  
  14  0:24  SCV  
  15  0:29  Refinery  
  15  0:40  SCV  
  16  0:46  Barracks  
  16  0:52  SCV  
  17  1:04  Barracks  
  17  1:08  SCV  
  18  1:20  SCV  
  19  1:34  Barracks Tech Lab, Orbital Command  
  19  1:39  Supply Depot  
  19  1:50  Barracks Tech Lab  
  19  1:55  Concussive Shells  
  19  1:56  Marauder  
  19  2:00  SCV  
  22  2:05  Refinery  
  22  2:10  Marauder  
  24  2:15  Supply Depot  
  24  2:17  SCV  
  25  2:24  Marauder  
  27  2:31  Marauder  
  27  2:33  SCV  
  30  2:41  Factory  
  30  2:45  SCV  
  30  2:50  Marauder  
  33  2:59  Marauder  
  33  3:02  Supply Depot  
  35  3:11  Marauder  
  37  3:24  Marauder  
  39  3:33  Marauder  
  41  3:40  Starport  
  41  3:48  Factory Reactor  
  39  3:54  Supply Depot  
  39  3:59  Marauder  
Tags
 
Add a new tag
Caveats
  • Supply blocks, unpowered buildings, or Contaminate may cause inaccurate times.
  • Supply counts are checked every 10 seconds.